 Dungeon Crawl Stone Soup version 0.29-a0-330-g52719c12eb (webtiles) character file.

Game seed: 13980439232642901617

163 HoaS the Quickloader (level 5, 0/30 HPs)
             Began as a Kobold Hunter on May 19, 2022.
             Slain by a steam dragon (4 damage)
             ... on level 4 of the Dungeon.
             The game lasted 00:03:56 (3081 turns).

HoaS the Quickloader (Kobold Hunter)                Turns: 3081, Time: 00:03:57

Health: 0/30       AC:  7    Str:  8    XL:     5   Next: 72%
Magic:  5/5        EV: 13    Int: 11    God:
Gold:   160        SH:  0    Dex: 20    Spells: 4/4 levels left

rFire   . . .      SeeInvis .   a - +1 hand crossbow
rCold   . . .      Faith    .   (no shield)
rNeg    . . .      Spirit   .   j - +0 ring mail
rPois   .          Reflect  .   (no helmet)
rElec   .          Harm     .   g - +0 cloak
rCorr   .          Rampage  .   m - +0 pair of gloves
Will    .....                   (no boots)
Stlth   ++........              (no amulet)
HPRegen 0.10/turn               (no ring)
MPRegen 0.09/turn               (no ring)

@: no status effects
A: small, no large weapons, nightstalker 3
a: no special abilities


You were on level 4 of the Dungeon.
You visited 1 branch of the dungeon, and saw 4 of its levels.

You collected 160 gold pieces.

Inventory:

Hand Weapons
 a - a +1 hand crossbow (weapon)
Armour
 g - a +0 cloak (worn)
 j - a +0 ring mail (worn)
 m - a +0 pair of gloves (worn)
Scrolls
 b - 3 scrolls of identify {unknown}
 c - a scroll of immolation
 k - 2 scrolls of brand weapon {unknown}
Potions
 d - a potion of brilliance {unknown}
 e - a potion of flight {unknown}
 f - 4 potions of curing {unknown}
 h - a potion of magic {unknown}
 i - a potion of might {unknown}
 l - a potion of degeneration {unknown}


   Skills:
 - Level 2.1 Fighting
 + Level 8.6 Crossbows
 - Level 2.4 Dodging
 - Level 1.3 Stealth


You had 4 spell levels left.
You didn't know any spells.
Your spell library contained the following spells:

 Spells                   Type           Power      Damage    Failure   Level
 Shock                    Conj/Air       0%         1d3       73%         1
 Gell's Gravitas          Tloc           0%         N/A       97%         3
 Lesser Beckoning         Tloc           0%         N/A       97%         3
 Swiftness                Air            0%         N/A       97%         3
 Teleport Other           Tloc           0%         N/A       97%         3
 Airstrike                Air            0%         N/A       100%        4


Dungeon Overview and Level Annotations

Branches:
Dungeon (4/15)
 Temple: D:4-7

Altars:
Nemelex Xobeh
Uskayaw

Annotations:
D:3 Sigmund


Innate Abilities, Weirdness & Mutations

You are small and have problems with some larger weapons.
You are completely attuned to the shadows.


Message History

You shoot a bolt.
The bolt hits the steam dragon but does no damage.
The steam dragon is lightly wounded.
The steam dragon bites you but does no damage.
The steam dragon barely misses you.
You shoot a bolt.
The bolt hits the steam dragon but does no damage.
The steam dragon is lightly wounded.
The steam dragon breathes steam at you. The ball of steam hits you!
Ouch! That really hurt!
You hear a shout!
Found a sparkling altar of Nemelex Xobeh.
The steam dragon closely misses you. The steam dragon misses you.
You are too injured to fight recklessly!
Shoot: a) +1 hand crossbow
Press: ? - help, Q - select action Shift-Dir - straight line, f/p - steam dragon
Aim: a steam dragon (lightly wounded, catching its breath, 69% to hit)
You shoot a bolt. The bolt hits the steam dragon!
The steam dragon is heavily wounded.
The steam dragon misses you. The steam dragon claws you.
Shoot: a) +1 hand crossbow
Press: ? - help, Q - select action Shift-Dir - straight line, f/p - steam dragon
Aim: a steam dragon (heavily wounded, catching its breath, 69% to hit)
You shoot a bolt. The bolt hits the steam dragon.
The steam dragon is heavily wounded.
A hobgoblin comes into view.
The steam dragon bites you.
* * * LOW HITPOINT WARNING * * *
The steam dragon claws you but does no damage.
The steam dragon closely misses you. The steam dragon claws you.
* * * LOW HITPOINT WARNING * * *
Shoot: a) +1 hand crossbow
Press: ? - help, Q - select action Shift-Dir - straight line, f/p - steam dragon
Aim: a steam dragon (heavily wounded, 69% to hit)
You shoot a bolt.
The bolt hits the steam dragon but does no damage.
The steam dragon is heavily wounded.
The steam dragon bites you.
You die...

#...#
####...####
#.........#
##.........#####
#...............
#.###....#......
#.###.......D...
#..##...##.@$g..
##.###>.........
#.#######.##...
####.#.....⌠.
###
#..........._
#.##.#.(...⌠
##.##.#......
#.....#......
#..####......


You could see a steam dragon and a hobgoblin.

Vanquished Creatures
  2 orc priests (D:3)
  4 adders
  2 worms
  2 dart slugs (D:2)
  2 orcs (D:3)
  4 ball pythons
  6 bats
  8 endoplasms
  2 giant cockroaches (D:2)
  5 goblins
  5 hobgoblins
  6 kobolds
  A frilled lizard (D:2)
  9 rats
58 creatures vanquished.

Notes
Turn   | Place    | Note
-------+----------+-------------------------------------------
     0 | D:1      | HoaS the Kobold Hunter began the quest for the Orb.
     0 | D:1      | Reached XP level 1. HP: 12/12 MP: 1/1
   178 | D:1      | Reached XP level 2. HP: 3/17 MP: 2/2
   572 | D:1      | Reached skill level 6 in Crossbows
  1079 | D:2      | Reached XP level 3. HP: 21/21 MP: 3/3
  1543 | D:2      | Reached skill level 7 in Crossbows
  1751 | D:2      | Reached XP level 4. HP: 26/26 MP: 4/4
  2007 | D:3      | Reached skill level 8 in Crossbows
  2007 | D:3      | Reached XP level 5. HP: 17/30 MP: 5/5
  2410 | D:3      | Identified the +8 hand axe "Kariadyi" {vorpal, rC+ Stlth+}
  2553 | D:3      | Found a hide-covered altar of Uskayaw.
  3011 | D:3      | Noticed Sigmund
  3072 | D:4      | Noticed a steam dragon
  3078 | D:4      | Found a sparkling altar of Nemelex Xobeh.
  3081 | D:4      | Slain by a steam dragon

Illustrated notes

Levels and vault maps discovered:
D:1:      minmay_arrival_doors, layout_loops_ring, minmay_misc_feat_rows
D:2:      layout_loops_ring, minmay_misc_feat_five, item_on_display_a
D:3:      layout_loops_cross, eat_drink_and_be_merry_uskayaw, minivault_19,
          kennysheep_decorative_pillar, uniq_sigmund, uniq_crazy_yiuf_cottage
D:4:      layout_loops_cross, kennysheep_vampire_church,
          nemelex_xobeh_ov_fountains_minmay, uniq_pikel

Skill      XL: |  1  2  3  4 |
---------------+-------------+-----
Crossbows      | 6 7 8 |  8.6
Fighting       | |  2.1
Dodging        | |  2.4
Stealth        | |  1.3

Action                   |  1- 3 |  4- 6 || total
-------------------------+-------+-------++-------
 Fire: Hand crossbow     |    63 |    79 ||   142
  Use: Scroll            |     4 |     1 ||     5
Armor: Leather armour    |     1 |     1 ||     2
       Ring mail         |       |     7 ||     7
Dodge: Dodged            |     5 |    32 ||    37

Table legend: (Time is in decaauts)
 A = Elapsed time spent in this place.
 B = Non-inter-level travel time spent in this place.
 C = Inter-level travel time spent in this place.
 D = Time resting spent in this place.
 E = Time spent auto-exploring this place.
 F = Levels seen in this place.
 G = Mean time per level.
                   A        B        C        D        E       F      G
               +--------+--------+--------+--------+--------+-----+--------+
         Total |   3114 |   3059 |     55 |    811 |   1907 |   4 |  778.5 |
       Dungeon |   3114 |   3059 |     55 |    811 |   1907 |   4 |  778.5 |
               +--------+--------+--------+--------+--------+-----+--------+

Top non-repeatable levels by time:
     D:3: 1069 daAuts
     D:2: 1027 daAuts
     D:1: 951 daAuts
     D:4: 66 daAuts
